 Dungeon Crawl Stone Soup version 0.16.0-18-g484a79e (webtiles) character file.

72 Phasanity the Skirmisher (level 4, -9/41 HPs)
             Began as a Minotaur Berserker on Mar 23, 2015.
             Was a Believer of Trog.
             Killed by divine providence
             ... invoked by an orc priest
              (13 damage)
             ... on level 3 of the Dungeon.
             The game lasted 00:09:17 (1735 turns).

Phasanity the Skirmisher (Minotaur Berserker)       Turns: 1735, Time: 00:09:17

Health: -9/41      AC:  7    Str: 22    XL:     4   Next: 7%
Magic:  2/2        EV: 12    Int:  4    God:    Trog [**....]
Gold:   102        SH:  0    Dex: 10    Spells: 0 memorised, 3 levels left

rFire  . . .     SeeInvis .     a - +0 falchion
rCold  . . .     Clarity  .     n - +0 scale mail
rNeg   . . .     SustAb   .     (no shield)
rPois  .         Gourm    .     (helmet restricted)
rElec  .         Spirit   .     (no cloak)
rCorr  .         Warding  .     d - +0 pair of gloves
rMut   .         Stasis   .     (no boots)
MR     .....                    m - amulet of faith
Stlth  ..........               (no ring)
                                (no ring)

@: flying, not resistant to hostile enchantments, extremely unstealthy
A: retaliatory headbutt, horns 2, repulsion field 1, screaming 1, placid magic 1
a: Burn Spellbooks, Berserk, Trog's Hand, Renounce Religion


You were on level 3 of the Dungeon.
You worshipped Trog.
Trog was pleased with you.
You were not hungry.

You visited 1 branch of the dungeon, and saw 3 of its levels.

You collected 102 gold pieces.

Inventory:

Hand weapons
 a - a +0 falchion (weapon)
Armour
 d - a +0 pair of gloves (worn)
 n - a +0 scale mail (worn)
Jewellery
 b - an uncursed amulet of clarity {unknown}
 m - an amulet of faith (around neck)
Scrolls
 e - a scroll of identify
 j - a scroll of fear
Comestibles
 c - a bread ration
 h - a meat ration


   Skills:
 + Level 4.6 Fighting
 + Level 4.6 Long Blades
 + Level 2.8 Armour
 + Level 2.8 Dodging


You had 3 spell levels left.
You didn't know any spells.

Dungeon Overview and Level Annotations

Branches:
Dungeon (3/15)

Altars:
Fedhas
Kikubaaqudgha


Innate Abilities, Weirdness & Mutations

You reflexively headbutt those who attack you in melee.
You have a pair of horns on your head.
You are surrounded by a mild repulsion field (EV +2).
You occasionally shout uncontrollably at your foes.
Your spells are a little easier to cast, but a little less powerful.


Message History

You barely miss the orc.
The orc is lightly wounded.
You hit the orc.
The orc is severely wounded.
The orc hits you with a dagger.
* * * LOW HITPOINT WARNING * * *
The orc priest hits you with a hand axe of flaming.
* * * LOW HITPOINT WARNING * * *
The orc priest burns you.
* * * LOW HITPOINT WARNING * * *
The orc hits you with a dagger.
* * * LOW HITPOINT WARNING * * *
The orc priest calls upon Beogh to heal the orc.
The orc is healed somewhat.
The orc priest glows brightly for a moment.
The orc priest mumbles some strange prayers to Beogh.
You feel a wave of unholy energy pass over you.
The orc priest calls down the wrath of Beogh upon you.
Something smites you!
You die...

*,,,,,,,#..........#
*,******#..........# *,*
#..........#### ###,*
##.............##
#..#######....####.####..##
#...≈≈8≈≈.....##.....##...#
#....≈≈≈......#.......#...#
#.............#..o..†.#...#
#..........##.@o.s_..o....#
#..........##.#.......#...#
###'#########.#.......#...# **
#.# #....##.....##...####≈
#.######....####.####......#≈
#..........................+,
#####....................).....+,
............#####.######...#...#≈
......†.....#****,*,,,,....#...#≈


You could see a scorpion, 2 orc priests and an orc.

Vanquished Creatures
  3 adders
  A worm (D:2)
  A giant gecko (D:1)
  An orc (D:3)
  8 bats
  2 giant cockroaches
  4 hobgoblins
  A quokka (D:2)
  5 goblins
  6 kobolds
  8 rats
40 creatures vanquished.

Notes
Turn   | Place    | Note
--------------------------------------------------------------
     0 | D:1      | Phasanity, the Minotaur Berserker, began the quest for the Orb.
     0 | D:1      | Reached XP level 1. HP: 19/19 MP: 1/1
   244 | D:1      | Reached XP level 2. HP: 20/27 MP: 1/1
   266 | D:1      | Reached skill level 4 in Fighting
  1072 | D:2      | Acquired Trog's second power
  1115 | D:2      | Reached XP level 3. HP: 33/33 MP: 2/2
  1371 | D:2      | Found a blossoming altar of Fedhas.
  1535 | D:2      | Gained mutation: You are surrounded by a mild repulsion field (EV +2). [potion of mutation]
  1535 | D:2      | Gained mutation: You occasionally shout uncontrollably at your foes. [potion of mutation]
  1535 | D:2      | Gained mutation: Your spells are a little easier to cast, but a little less powerful. [potion of mutation]
  1670 | D:3      | Found an ancient bone altar of Kikubaaqudgha.
  1697 | D:3      | Reached XP level 4. HP: 37/41 MP: 2/2
  1707 | D:3      | Noticed a scorpion
  1735 | D:3      | Killed from afar by an orc priest

Action                   |  1- 3 |  4- 6 || total
-------------------------+-------+-------++-------
Melee: Falchion          |    75 |    12 ||    87
  Use: Scroll            |     5 |       ||     5
       Potion            |     3 |       ||     3
  Eat: Bread ration      |     1 |       ||     1
